 Dungeon Crawl Stone Soup version 0.30.0-5-g1a98f26d00 (webtiles) character file.

Game seed: 9627368886186637804

35 retardedninja the Trooper (level 3, -2/33 HPs)
             Began as a Hill Orc Monk on May 8, 2023.
             Was an Initiate of Gozag.
             Slain by a jackal (3 damage)
             ... on level 1 of the Dungeon.
             The game lasted 00:00:53 (443 turns).

retardedninja the Trooper (Hill Orc Monk)            Turns: 443, Time: 00:00:54

Health: -2/33      AC:  2    Str: 15    XL:     3   Next: 35%
Magic:  3/3        EV: 12    Int: 10    God:    Gozag
Gold:   103        SH:  0    Dex: 13    Spells: 2/2 levels left

rFire   . . .        d - +0 mace
rCold   . . .        (no shield)
rNeg    . . .        b - +0 robe
rPois   .            (no helmet)
rElec   .            (no cloak)
rCorr   .            (no gloves)
SInv    .            (no boots)
Will    .....        (no amulet)
Stlth   +            (no ring)
HPRegen 0.25/turn    (no ring)
MPRegen 0.08/turn

%: no passive effects
@: gold aura
A: no striking features
a: Renounce Religion, Potion Petition, Call Merchant, Bribe Branch


You were on level 1 of the Dungeon.
You worshipped Gozag.
Gozag was aware of your devotion.
You visited 1 branch of the dungeon, and saw 1 of its levels.

You collected 103 gold pieces.

Inventory:

Hand Weapons
 d - a +0 mace (weapon)
 g - a +0 hand axe
Armour
 b - a +0 robe (worn)
Scrolls
 a - a scroll of blinking {unknown}
Potions
 c - a potion of ambrosia
 e - a potion of magic {unknown}
 f - a potion of cancellation {unknown}


   Skills:
 + Level 4.2 Fighting
 + Level 0.1 Maces & Flails
 + Level 3.9 Polearms
 + Level 2.8 Dodging


You had 2 spell levels left.
You didn't know any spells.
Your spell library was empty.

Dungeon Overview and Level Annotations

Branches:
Dungeon (1/15)

Altars:
Gozag


Message History

The jackal is severely wounded.
The jackal is distracted by your dazzling golden aura.
You barely miss the jackal.
The jackal is no longer distracted by gold.
The jackal is severely wounded.
The jackal is no longer distracted by gold.
The jackal completely misses you. The jackal bites you. x3
You hit the jackal.
The jackal is almost dead.
The jackal bites you. The jackal barely misses you.
The jackal closely misses you. The jackal bites you.
* * * LOW HITPOINT WARNING * * *
You hit the jackal.
You kill the jackal!
The jackal misses you. x2; The jackal barely misses you.
You miss the jackal.
The jackal bites you but does no damage.
The jackal barely misses you. The jackal bites you.
* * * LOW HITPOINT WARNING * * *
The jackal bites you.
* * * LOW HITPOINT WARNING * * *
You hit the jackal.
The jackal is almost dead.
The jackal closely misses you. The jackal bites you.
* * * LOW HITPOINT WARNING * * *
The jackal barely misses you.
You hit the jackal.
You kill the jackal!
The jackal bites you.
* * * LOW HITPOINT WARNING * * *
The jackal barely misses you.
You sock the dart slug!
The dart slug is almost dead.
The jackal bites you.
* * * LOW HITPOINT WARNING * * *
The kobold is distracted by your dazzling golden aura.
The dart slug launches a dart at you. The slug dart misses you.
The jackal bites you.
You die...
Your body crumbles into a pile of gold.

#.........# #. #
.........# #.######
......... #....#..
....w..# #..)# ...$..#
###..## #....# . #......
#.$h.#########.....#..##
#....##h.........####.##
#...hKw@# ##....#...
#....#### #.>..#
#.......# ##.....
#.......# #......
#.......##########...##.
#..................#.###
#####............#...# #
#>..............## #
#....).........## #


You could see a dart slug, 2 jackals and a kobold (unaware).

Vanquished Creatures
  A gnoll (D:1)
  2 ball pythons (D:1)
  An endoplasm (D:1)
  A giant cockroach (D:1)
  3 goblins (D:1)
  3 hobgoblins (D:1)
  2 jackals (D:1)
  A kobold (D:1)
  A quokka (D:1)
  2 bats (D:1)
  A frilled lizard (D:1)
  5 rats (D:1)
23 creatures vanquished.

Notes
Turn   | Place    | Note
-------+----------+-------------------------------------------
     0 | D:1      | retardedninja the Hill Orc Monk began the quest for the
                  | Orb.
     0 | D:1      | Reached XP level 1. HP: 19/19 MP: 1/1
    85 | D:1      | Reached XP level 2. HP: 27/27 MP: 2/2
    94 | D:1      | Found a faded altar of an unknown god.
   116 | D:1      | Prayed at the altar of an unknown god.
   116 | D:1      | Became a worshipper of Gozag Ym Sagoz the Greedy
   188 | D:1      | Reached skill level 4 in Fighting
   195 | D:1      | Reached XP level 3. HP: 17/33 MP: 3/3
   443 | D:1      | HP: 1/33 [jackal (1)]
   443 | D:1      | Slain by a jackal

Illustrated notes

Levels and vault maps discovered:
D:1:      spicycebolla_green_bress_n_ham_2, layout_rooms,
          hellmonk_ecumenical_altar_blasted

Skill      XL: |  1  2 |
---------------+-------+-----
Fighting       | 4 |  4.2
Maces & Flails | |  0.1
Polearms       | |  3.9
Dodging        | |  2.8

Action                     || total
---------------------------++-------
  Melee: Spear             ||    35
         Mace              ||    27
 Armour: Robe              ||    11
  Dodge: Dodged            ||    57
